 Dungeon Crawl Stone Soup version 0.29-a0-219-g0a02b1cf4f (console) character file.

Game seed: 1990089169326823417

67 jejorda2 the Bolt Thrower (level 4, -16/26 HPs)
             Began as a Kobold Hunter on Feb 25, 2022.
             Killed from afar by Ijyb (42 damage)
             ... with a bolt of acid
             ... on level 3 of the Dungeon.
             The game lasted 00:02:45 (2444 turns).

jejorda2 the Bolt Thrower (Kobold Hunter)           Turns: 2444, Time: 00:02:45

Health: -16/26     AC:  3    Str:  9    XL:     4   Next: 38%
Magic:  4/4        EV: 14    Int: 12    God:
Gold:   78         SH:  0    Dex: 17    Spells: 3/3 levels left

rFire   . . .      SeeInvis +   a - +1 hand crossbow
rCold   . . .      Faith    .   (no shield)
rNeg    . . .      Spirit   .   b - +0 leather armour
rPois   .          Reflect  .   (no helmet)
rElec   .          Harm     .   (no cloak)
rCorr   .          Rampage  .   (no gloves)
Will    .....                   (no boots)
Stlth   +++.......              (no amulet)
HPRegen 0.08/turn               c - ring of see invisible
MPRegen 0.09/turn               (no ring)

@: no status effects
A: small, no large weapons, nightstalker 3
a: no special abilities


You were on level 3 of the Dungeon.
You visited 1 branch of the dungeon, and saw 3 of its levels.

You collected 78 gold pieces.

Inventory:

Hand Weapons
 a - a +1 hand crossbow (weapon)
Armour
 b - a +0 leather armour (worn)
Jewellery
 c - a ring of see invisible (left hand)
Scrolls
 d - 3 scrolls of identify {unknown}
 h - a scroll of holy word {unknown}
Potions
 e - 2 potions of attraction {unknown}
 f - a potion of curing {unknown}
 g - a potion of might {unknown}
 i - 2 potions of heal wounds {unknown}
 j - a potion of flight {unknown}
 k - a potion of cancellation {unknown}


   Skills:
 - Level 2.1 Fighting
 + Level 6.9 Crossbows
 - Level 2.4 Dodging
 - Level 3.0 Stealth


You had 3 spell levels left.
You didn't know any spells.
Your spell library contained the following spells:

 Spells                   Type           Power      Damage    Failure   Level
 Sting                    Tmut/Pois      0%         1d3       43%         1
 Poisonous Vapours        Pois/Air       0%         N/A       56%         2
 Gell's Gravitas          Tloc           0%         N/A       80%         3
 Teleport Other           Tloc           0%         N/A       80%         3
 Olgreb's Toxic Radiance  Pois           0%         N/A       99%         4
 Dispersal                Tloc           0%         N/A       100%        6


Dungeon Overview and Level Annotations

Branches:
Dungeon (3/15)

Altars:

Annotations:
D:3 Ijyb


Innate Abilities, Weirdness & Mutations

You are small and have problems with some larger weapons.
You are completely attuned to the shadows.


Message History

(D) Dungeon
Where to? (Enter - D:2, ? - help)
There is a stone staircase leading down here.
You climb downwards.
There is a stone staircase leading up here.
Found an escape hatch in the ceiling.
Found an escape hatch in the floor.
Found a stone staircase leading down.
You now have 78 gold pieces (gained 7).
Found a dagger.
You see here a +0 dagger.
Found 5 large rocks.
You see here 5 large rocks.
You open the large door.
There is a large open door here.
Found 22 stones.
Ijyb and an adder come into view.
Ijyb is wielding a +2 dagger of venom and carrying a wand of acid (6).
Unknown command.
Found 3 scrolls labelled JISMACR DUTONK.
You shoot a bolt. The bolt hits Ijyb.
Ijyb shouts!
Ijyb is lightly wounded.
You hear an angry hiss.
You shoot a bolt. The bolt hits Ijyb.
Ijyb is moderately wounded.
You shoot a bolt. The bolt closely misses Ijyb.
Ijyb zaps a wand.
The bolt of acid misses you.
You shoot a bolt. The bolt hits Ijyb but does no damage.
Ijyb is moderately wounded.
You shoot a bolt. The bolt hits Ijyb but does no damage.
Ijyb is moderately wounded.
The adder bites you but does no damage. Ijyb closely misses you.
The adder bites you but does no damage.
Ijyb zaps a wand.
The bolt of acid misses you.
You shoot a bolt. The bolt hits Ijyb.
Ijyb is heavily wounded.
The adder barely misses you.
Ijyb zaps a wand.
The bolt of acid hits you!!!
Ouch! That really hurt!
You die...

.# ........# S#
#.#.##.##.# ##+#. ...
##.##.# ##(..## #.#
#..##.# #.....##
#.###.###.#
.......###.##..###.#
........##...(.....##
....S...'............
...g@.##'###...######
....###..# ##..# ###
#... ....# #... ##.
##?. ....# #.. ##+
##. ##. ##. #.. ##.


You could see Ijyb and an adder.

Vanquished Creatures
  2 adders (D:2)
  A dart slug (D:2)
  A worm (D:2)
  3 ball pythons (D:2)
  3 endoplasms
  5 goblins
  2 hobgoblins (D:1)
  6 jackals
  2 quokkas
  3 bats
  4 frilled lizards
  3 kobolds
  7 rats
42 creatures vanquished.

Notes
Turn   | Place    | Note
-------+----------+-------------------------------------------
     0 | D:1      | jejorda2 the Kobold Hunter began the quest for the Orb.
     0 | D:1      | Reached XP level 1. HP: 12/12 MP: 1/1
   198 | D:1      | Reached XP level 2. HP: 17/17 MP: 2/2
   258 | D:1      | Reached skill level 6 in Crossbows
   725 | D:1      | Reached XP level 3. HP: 21/21 MP: 3/3
  1456 | D:2      | Reached XP level 4. HP: 26/26 MP: 4/4
  2433 | D:3      | Noticed Ijyb
  2444 | D:3      | Killed from afar by Ijyb

Illustrated notes

Levels and vault maps discovered:
D:1:      saegor_arrival_under_anarchy, layout_basic, dk_noncrumbling_2,
          minmay_quantized
D:2:      layout_basic, minmay_split_cup_small
D:3:      layout_loops_corners, kennysheep_nondescript, serial_bayou_pond_d,
          chequers_garden, nicolae_concentric_dashed_squares_wild,
          kennysheep_decorative_pillar, uniq_ijyb

Skill      XL: |  1  2  3 |
---------------+----------+-----
Crossbows      | 6 |  6.9
Stealth        | 2 3 |  3.0
Fighting       | |  2.1
Dodging        | |  2.4

Action                   |  1- 3 |  4- 6 || total
-------------------------+-------+-------++-------
 Fire: Hand crossbow     |    56 |    46 ||   102
Armor: Leather armour    |     3 |     4 ||     7
Dodge: Dodged            |     9 |    22 ||    31

Table legend: (Time is in decaauts)
 A = Elapsed time spent in this place.
 B = Non-inter-level travel time spent in this place.
 C = Inter-level travel time spent in this place.
 D = Time resting spent in this place.
 E = Time spent auto-exploring this place.
 F = Levels seen in this place.
 G = Mean time per level.
                   A        B        C        D        E       F      G
               +--------+--------+--------+--------+--------+-----+--------+
         Total |   2466 |   2396 |     70 |      2 |   2180 |   3 |  822.0 |
       Dungeon |   2466 |   2396 |     70 |      2 |   2180 |   3 |  822.0 |
               +--------+--------+--------+--------+--------+-----+--------+

Top non-repeatable levels by time:
     D:1: 1200 daAuts
     D:2: 1128 daAuts
     D:3: 137 daAuts
